 Dungeon Crawl Stone Soup version 0.28.0-53-g5a82cb258f (webtiles) character file.

Game seed: 2465973750082728708

14774 cbfl8 the Cleaver (level 11, -4/99 HPs)
             Began as a Minotaur Berserker on July 31, 2022.
             Was an Elder of Trog.
             Slain by a ten-headed hydra (12 damage)
             ... on level 11 of the Dungeon.
             The game lasted 00:19:33 (15369 turns).

cbfl8 the Cleaver (Minotaur Berserker)             Turns: 15369, Time: 00:19:34

Health: -4/99      AC: 16    Str: 22    XL:     11   Next: 93%
Magic:  10/10      EV: 13    Int:  4    God:    Trog [****..]
Gold:   702        SH:  4    Dex: 14    Spells: 10/10 levels left

rFire   . . .      SeeInvis .   D - +0 war axe (distort)
rCold   + . .      Faith    .   H - +0 buckler
rNeg    . . .      Spirit   .   g - +0 plate armour
rPois   .          Reflect  .   (helmet restricted)
rElec   .          Harm     .   y - scarf {+Inv}
rCorr   .          Rampage  .   (no gloves)
Will    .....                   e - +0 pair of boots
Stlth   ..........              (no amulet)
HPRegen 0.26/turn               i - +4 ring of evasion
MPRegen 0.12/turn               m - ring of protection from cold

@: no status effects
A: horns 2, retaliatory headbutt
a: Renounce Religion, Evoke Invisibility, Berserk, Trog's Hand, Brothers in Arms


You were on level 11 of the Dungeon.
You worshipped Trog.
Trog was greatly pleased with you.
You visited 1 branch of the dungeon, and saw 13 of its levels.
You also visited: Sewer.

You collected 702 gold pieces.

Inventory:

Hand Weapons
 D - a +0 war axe of distortion (weapon)
 J - a +0 antimagic halberd
Armour
 e - a +0 pair of boots (worn)
 g - a +0 plate armour (worn)
 y - a scarf of invisibility (worn)
 H - a +0 buckler (worn)
Jewellery
 i - a +4 ring of evasion (left hand)
 m - a ring of protection from cold (right hand)
 F - a +6 ring of intelligence
Wands
 d - a wand of polymorph (5)
 o - a wand of flame (6)
 p - a wand of acid (3)
 G - a wand of iceblast (19)
 I - a wand of charming (8)
Scrolls
 a - 4 scrolls of enchant armour
 b - 3 scrolls of enchant weapon
 f - 2 scrolls of blinking
 j - 6 scrolls of teleportation
 k - 2 scrolls of immolation
 l - a scroll of amnesia
 q - a scroll of brand weapon
 t - a scroll of noise
 v - 6 scrolls of magic mapping
 z - a scroll of fog
 E - a scroll of torment {unknown}
 K - a scroll of fear
Potions
 c - 2 potions of brilliance
 h - a potion of berserk rage {unknown}
 n - a potion of might {unknown}
 r - 3 potions of lignification
 s - 6 potions of flight
 u - a potion of resistance {unknown}
 A - 3 potions of curing
 C - 2 potions of haste
Miscellaneous
 x - a lightning rod (4/4)


   Skills:
 * Level 10.1 Fighting
 * Level 14.9 Axes
 + Level 10.1 Armour
 * Level 8.0 Dodging
 + Level 1.3 Stealth
 + Level 1.6 Shields
 * Level 6.1 Evocations


You had 10 spell levels left.
You didn't know any spells.
Your spell library was empty.

Dungeon Overview and Level Annotations

Branches:
Dungeon (13/15)            Temple (0/1) D:6            Lair (0/6) D:11
  Sewer (visited)
    Orc: D:9-12      Vaults: D:13-14

Altars:
Ashenzari
Cheibriados
Dithmenos
Elyvilon
Fedhas
Kikubaaqudgha
Nemelex Xobeh
Qazlal
Ru
Uskayaw
Vehumet
Xom
Zin

Shops:
D:1 [

Annotations:
Abyss:1 Urug


Innate Abilities, Weirdness & Mutations

You have a pair of horns on your head.
You reflexively headbutt those who attack you in melee.


Message History

The ten-headed hydra bites you.
The ten-headed hydra closely misses you.
Aiming: Paralyse
Press: ? - help, Q - select action, (/) - cycle Shift-Dir - straight line, f/p - ten-headed hydra
Aim: a ten-headed hydra (chance to affect: 29%)
The ten-headed hydra easily resists.
The ten-headed hydra bites you. The ten-headed hydra bites you!
The ten-headed hydra bites you.
You block the ten-headed hydra's attack.
The ten-headed hydra bites you!
The ten-headed hydra closely misses you.
The ten-headed hydra misses you.
The ten-headed hydra completely misses you.
You block the ten-headed hydra's attack.
The ten-headed hydra bites you but does no damage.
Aiming: Paralyse
Press: ? - help, Q - select action, (/) - cycle Shift-Dir - straight line, f/p - ten-headed hydra
Aim: a ten-headed hydra (chance to affect: 29%)
The ten-headed hydra easily resists.
The now-empty wand crumbles to dust.
The ten-headed hydra bites you. x2
You block the ten-headed hydra's attack.
The ten-headed hydra bites you!
* * * LOW HITPOINT WARNING * * *
You block the ten-headed hydra's attack.
The ten-headed hydra bites you but does no damage.
The ten-headed hydra misses you.
The ten-headed hydra closely misses you.
The ten-headed hydra barely misses you. The ten-headed hydra bites you!
* * * LOW HITPOINT WARNING * * *
You feel much better.
The ten-headed hydra bites you but does no damage. x2
The ten-headed hydra bites you. x2
* * * LOW HITPOINT WARNING * * *
The ten-headed hydra bites you!
* * * LOW HITPOINT WARNING * * *
The ten-headed hydra bites you!
* * * LOW HITPOINT WARNING * * *
The ten-headed hydra bites you but does no damage.
The ten-headed hydra bites you!
You die...

##.######...........# ##.#
#.##.#.####.#
##.######.##.#.####.#
##.##........#.#.##.#
##.##.###.#.......#.##########
##.##.###.##.#......÷........#
##................#.########.#
####.######.###.##.# #.# #.#
#...D@...# #.# #.# #####.####
#.# #.# ##'## #.# #.# ##...##
#.# #.## ##.....## ###.# #..##
##.......## ##.#.#
#####...####.........####....#
..§........+.........'.......#
###.#...##.#.........####....#


You could see a ten-headed hydra.

Vanquished Creatures
  A boulder beetle (D:11)
  A two-headed ogre (D:10)
  A deep elf pyromancer (D:11)
  2 cyclopes
  An unseen horror (D:11)
  A gargoyle (D:11)
  Maggie (D:7)
  An efreet (D:13)
  A tengu conjurer (D:11)
  A troll (D:11)
  A meliai (D:11)
  5 slime creatures (D:13)
  Sigmund (D:6)
  3 wyverns (D:9)
  8 yaks (D:11)
  A basilisk (shapeshifter) (D:11)
  Grum (D:10)
  2 wargs (D:11)
  2 acid dragons (D:9)
  2 water moccasins (D:6)
  Duvessa (D:6)
  A sky beast (D:5)
  2 black bears
  An ice beast (D:5)
  3 orc warriors
  3 ogres
  8 centaurs
  3 wolves (D:10)
  A phantom (D:5)
  4 bullfrogs
  Blork the orc (D:4)
  2 gnoll sergeants
  2 scorpions (D:7)
  A water moccasin zombie (D:7)
  Dowan (D:6)
  5 wights (D:8)
  2 howler monkeys (D:10)
  5 centaur zombies
  4 jellies
  An orc priest (D:11)
  2 hounds
  A bullfrog skeleton (D:7)
  4 iguanas
  7 orc wizards
  A hound skeleton (D:4)
  A howler monkey zombie (D:11)
  13 gnolls
  15 adders
  A white imp (D:6)
  An ufetubus (D:4)
  An adder skeleton (D:2)
  A worm (D:3)
  2 dart slugs (D:4)
  21 orcs
  7 ball pythons
  3 bats
  16 endoplasms
  9 giant cockroaches
  6 goblins
  8 hobgoblins
  12 kobolds
  11 quokkas
  12 frilled lizards
  5 rats
248 creatures vanquished.

Vanquished Creatures (others)
  An angel (D:7)
  A human (D:7)
  7 fungi
  43 plants
  6 toadstools (D:2)
58 creatures vanquished.

Grand Total: 306 creatures vanquished

Notes
Turn   | Place    | Note
-------+----------+-------------------------------------------
     0 | D:1      | cbfl8 the Minotaur Berserker began the quest for the Orb.
     0 | D:1      | Reached XP level 1. HP: 19/19 MP: 0/0
   401 | D:1      | Reached XP level 2. HP: 26/27 MP: 1/1
   722 | D:1      | Reached skill level 4 in Axes
  1254 | D:2      | Reached XP level 3. HP: 33/33 MP: 2/2
  1291 | D:2      | Reached ** piety under Trog
  1292 | D:2      | Reached XP level 4. HP: 17/41 MP: 3/3
  1496 | D:2      | Reached skill level 5 in Axes
  1730 | D:2      | Reached XP level 5. HP: 42/47 MP: 4/4
  1734 | D:2      | Reached skill level 1 in Evocations
  2221 | D:3      | Found a glowing drain.
  2241 | Sewer    | Entered a sewer
  2362 | Sewer    | Reached *** piety under Trog
  2396 | Sewer    | Reached skill level 6 in Axes
  2532 | Sewer    | Reached XP level 6. HP: 55/55 MP: 5/5
  3158 | D:3      | Found a faded altar of an unknown god.
  3503 | D:4      | Found a stormy altar of Qazlal.
  3505 | D:4      | Noticed Blork the orc
  3515 | D:4      | Killed Blork the orc
  3516 | D:4      | Reached skill level 5 in Fighting
  3668 | D:4      | Reached skill level 7 in Axes
  3890 | D:4      | Found a snail-covered altar of Cheibriados.
  4058 | D:4      | Reached **** piety under Trog
  4059 | D:4      | Reached XP level 7. HP: 59/61 MP: 6/6
  4490 | D:5      | Entered Level 5 of the Dungeon
  4492 | D:5      | Found a radiant altar of Vehumet.
  4678 | D:5      | Reached skill level 8 in Axes
  4913 | D:5      | Reached XP level 8. HP: 50/69 MP: 7/7
  5553 | D:5      | Reached skill level 9 in Axes
  5553 | D:5      | Reached skill level 5 in Armour
  5612 | D:5      | Found a faded altar of an unknown god.
  6907 | D:6      | Found a broken altar of Ashenzari.
  6917 | D:6      | Noticed Sigmund
  6926 | D:6      | Killed Sigmund
  6927 | D:6      | Reached skill level 10 in Axes
  7155 | D:6      | Found a sacrificial altar of Ru.
  7155 | D:6      | Noticed Duvessa
  7156 | D:6      | Noticed Dowan
  7164 | D:6      | Killed Duvessa
  7166 | D:6      | Killed Dowan
  7284 | D:6      | Reached XP level 9. HP: 73/78 MP: 8/8
  7586 | D:6      | Found a staircase to the Ecumenical Temple.
  7753 | D:7      | Reached skill level 5 in Dodging
  7755 | D:7      | Found a shimmering altar of Xom.
  7776 | D:7      | Noticed an angel
  7779 | D:7      | Found a glowing silver altar of Zin.
  7938 | D:7      | Killed an angel
  8240 | D:7      | Reached skill level 11 in Axes
  8497 | D:7      | Found an ancient bone altar of Kikubaaqudgha.
  8501 | D:7      | Noticed Maggie
  8502 | D:7      | Paralysed by Maggie for 7 turns
  8517 | D:7      | Paralysed by Maggie for 7 turns
  8536 | D:7      | Killed Maggie
  9167 | D:8      | Found a hide-covered altar of Uskayaw.
  9596 | D:8      | Reached skill level 12 in Axes
  9696 | D:8      | Noticed a cyclops
  9707 | D:8      | Killed a cyclops
  9708 | D:8      | Reached XP level 10. HP: 76/86 MP: 9/9
  9923 | D:8      | Found a sparkling altar of Nemelex Xobeh.
 10337 | D:9      | Found a shadowy altar of Dithmenos.
 10431 | D:9      | Found a white marble altar of Elyvilon.
 10656 | D:9      | Found a blossoming altar of Fedhas.
 11393 | D:9      | Reached ***** piety under Trog
 12046 | D:10     | Entered Level 10 of the Dungeon
 12138 | D:10     | Noticed Grum
 12147 | D:10     | Reached skill level 13 in Axes
 12151 | D:10     | Killed Grum
 12688 | D:10     | Noticed a two-headed ogre
 12692 | D:10     | Killed a two-headed ogre
 12693 | D:10     | Reached skill level 5 in Evocations
 12969 | D:11     | Noticed Urug
 12976 | D:11     | Banished Urug
 12977 | D:11     | Reached skill level 1 in Shields
 13149 | D:11     | Reached XP level 11. HP: 95/95 MP: 10/10
 13481 | D:11     | Noticed a four-headed hydra
 13914 | D:11     | Noticed a boulder beetle
 13922 | D:11     | Killed a boulder beetle
 13923 | D:11     | Reached skill level 14 in Axes
 14020 | D:11     | Found a staircase to the Lair.
 14053 | D:11     | Noticed a deep elf pyromancer
 14064 | D:11     | Killed a deep elf pyromancer
 14599 | D:11     | Noticed a death knight
 14603 | D:11     | Noticed an ogre mage
 14621 | D:11     | You fall into a shaft and drop 2 floors!
 14719 | D:13     | Noticed a boulder beetle
 14734 | D:13     | Banished a boulder beetle
 15116 | D:13     | Reached skill level 10 in Armour
 15131 | D:13     | Reached skill level 1 in Stealth
 15144 | D:13     | Reached skill level 10 in Fighting
 15148 | D:13     | Noticed a centaur warrior
 15369 | D:11     | Slain by a ten-headed hydra

Illustrated notes

Levels and vault maps discovered:
D:1:      dpeg_arrival_orchard, layout_loops_cross, serial_shops, shop
D:2:      cheibrodos_fertilizer, layout_rooms, hangedman_feature_mirror
D:3:      layout_basic, dreamdust_ecumenical_altar_hidden_monk_grotto,
          cheibrodos_sewer_entry_drain
D:4:      layout_gridville, mainiacjoe_overflow_alcove_4,
          nicolae_qazlal_general_emergency, guppyfry_early_lair_pool,
          uniq_blork_the_orc
D:5:      layout_cave_pods, nicolae_vehumet_radiance, serial_column_ruins,
          column_ruins_temple_hall, column_ruins_grid_1,
          column_ruins_open_small_water, column_ruins_grid_3,
          column_ruins_open_medium, roderic_lattice_a, serial_bayou_lagoon_a,
          uniq_crazy_yiuf_cottage
D:6:      layout_gridville, mainiacjoe_overflow_small_starburst,
          mainiacjoe_overflow_tiny_flanked, temple_doors_ab, uniq_sigmund,
          uniq_duvessa
D:7:      layout_rooms, grunt_temple_overflow_order_and_chaos_1,
          tgw_kikubaaqudgha, uniq_maggie
D:8:      layout_layer_cave, mainiacjoe_overflow_six_doors_small,
          lemuel_coloured_pillars_altar
D:9:      layout_stronghold, fedhas_bush_and_centaur_altar,
          mainiacjoe_overflow_alcove_1, nicolae_dithmenos_the_darkroom,
          serial_park_tiny_1, minmay_misc_feat_diagonals, st_stairs_4
D:10:     layout_rooms, uniq_grum
D:11:     minmay_sliced_demisemicircle, layout_loops_corners,
          erik_lair_orcish_takeover, grunt_ministairs_8, uniq_urug
D:12:     kennysheep_scales, layout_cave_pools, orc_0_dummy, serial_shops,
          nicolae_shop_statue_plus
D:13:     layout_rooms, david_vaults_5

Skill      XL: |  1  2  3  4  5  6  7  8  9 10 11 |
---------------+----------------------------------+-----
Fighting       | 4 5 6 7 8 10 | 10.1
Axes           | 4 5 6 7 8 10 12 13 14 | 14.9
Armour         | 3 4 6 7 8 10 | 10.1
Evocations     | 1 2 3 4 5 6 |  6.1
Dodging        | 3 4 5 6 8 |  8.0
Shields        | 1 |  1.6
Stealth        | 1 |  1.3

Action                   |  1- 3 |  4- 6 |  7- 9 | 10-12 || total
-------------------------+-------+-------+-------+-------++-------
Melee: Hand axe          |    64 |   181 |    22 |       ||   267
       Headbutt          |     9 |    21 |    38 |    46 ||   114
       Punch             |       |     2 |     2 |       ||     4
       War axe           |       |       |   180 |   211 ||   391
Invok: Berserk           |       |     2 |     3 |     8 ||    13
       Brothers in Arms  |       |       |       |     1 ||     1
Evoke: Wand              |       |       |     2 |     8 ||    10
  Use: Scroll            |     3 |     1 |     7 |    14 ||    25
       Potion            |       |       |       |     5 ||     5
 Stab: Paralysed         |       |       |       |     6 ||     6
Armor: Animal skin       |     3 |       |       |       ||     3
       Plate armour      |    31 |    91 |    97 |   105 ||   324
Dodge: Dodged            |    33 |    94 |   109 |   138 ||   374
Block: Buckler           |       |       |     1 |    35 ||    36
